 Dungeon Crawl Stone Soup version 0.29-a0-1009-g60c99734e7 (webtiles) character file.

Game seed: 15178681105808550483

23 kblaster33 the Magician (level 2, -1/19 HPs)
             Began as a Vampire Hedge Wizard on Aug 8, 2022.
             Slain by a gnoll
             ... wielding a +0 halberd
              (11 damage)
             ... on level 2 of the Dungeon.
             The game lasted 00:09:00 (1584 turns).

kblaster33 the Magician (Vampire Hedge Wizard)      Turns: 1584, Time: 00:09:00

Health: -1/19      AC: 10    Str:  9    XL:     2   Next: 75%
Magic:  6/6        EV:  4    Int: 16    God:
Gold:   82         SH:  0    Dex: 13    Spells: 6/7 levels left

rFire   . . .      SeeInvis +   a - +0 dagger
rCold   . . .      Faith    .   (no shield)
rNeg    . . .      Spirit   .   f - +0 chain mail
rPois   .          Reflect  .   l - +0 helmet
rElec   .          Harm     .   (no cloak)
rCorr   .          Rampage  .   (no gloves)
Will    .....                   s - +0 pair of boots
Stlth   ..........              (no amulet)
HPRegen 0.26/turn               o - ring of wizardry
MPRegen 0.10/turn               (no ring)

@: healing quickly
A: alive, fangs 3, see invisible, vampiric 1
a: Exsanguinate


You were on level 2 of the Dungeon.
You visited 1 branch of the dungeon, and saw 2 of its levels.

You collected 82 gold pieces.

Inventory:

Hand Weapons
 a - a +0 dagger (weapon)
 e - a +0 spear
 q - a +0 short sword
 y - a +0 falchion
Armour
 b - a +0 robe
 c - a +0 hat
 f - a +0 chain mail (worn)
 l - a +0 helmet (worn)
 m - a +0 scale mail
 s - a +0 pair of boots (worn)
Magical Staves
 x - a staff of fire
Jewellery
 o - a ring of wizardry (left hand)
 w - the ring "Mubb" {Drain Will+ Str+6 Stlth+}
   (You found it on level 2 of the Dungeon)

   [ring of strength]

   Str:       It affects your strength (+6).
   Drain:     It drains your maximum health when unequipped.
   Will:      It increases your willpower.
   Stlth:     It makes you more stealthy.
Scrolls
 h - a scroll of blinking {unknown}
 j - a scroll of identify {unknown}
 k - a scroll of immolation {unknown}
 n - a scroll of vulnerability {unknown}
 p - a scroll of teleportation {unknown}
 v - a scroll of summoning {unknown}
Potions
 d - a potion of magic
 g - a potion of lignification {unknown}
 i - a potion of invisibility {unknown}
 r - a potion of curing {unknown}
 t - a potion of degeneration {unknown}
 u - 2 potions of cancellation {unknown}


   Skills:
 + Level 0.8 Short Blades
 + Level 0.3 Armour
 + Level 2.3 Dodging
 + Level 3.3 Stealth
 + Level 3.4 Spellcasting
 + Level 0.6 Conjurations
 + Level 1.0 Summonings
 + Level 0.7 Translocations


You had 6 spell levels left.
You knew the following spells:

 Your Spells              Type           Power      Damage    Failure   Level
a - Magic Dart            Conj           16%        1d3       99%         1

Your spell library contained the following spells:

 Spells                   Type           Power      Damage    Failure   Level
 Slow                     Hex            8%         N/A       100%        1
 Blink                    Tloc           10%        N/A       100%        2
 Call Imp                 Summ           6%         N/A       100%        2
 Conjure Flame            Conj/Fire      3%         6-21      100%        3
 Mephitic Cloud           Conj/Pois/Air  3%         N/A       100%        3


Dungeon Overview and Level Annotations

Branches:
Dungeon (2/15)

Altars:


Innate Abilities, Weirdness & Mutations

Your natural rate of healing is accelerated.
You have razor-sharp teeth.
You have supernaturally acute eyesight. (SInv)
You are afflicted with vampirism.


Message History

The dart slug is moderately wounded.
You hit the dart slug but do no damage. You bite the dart slug.
The dart slug is heavily wounded.
The dart slug bites you but does no damage.
You hit the dart slug but do no damage.
The dart slug is heavily wounded.
The dart slug launches a dart at you.
The slug dart hits you but does no damage.
You hit the dart slug.
The dart slug is almost dead.
You hit the dart slug but do no damage. You bite the dart slug.
You kill the dart slug!
You see here a dart slug corpse.
You see here a dart slug corpse.
You see here a staff of fire.
Press: ? - help, v - describe, . - travel The floor.
x - a staff of fire You see here a +0 falchion.
y - a +0 falchion You open the door.
A frilled lizard comes into view.
The frilled lizard hisses angrily.
There is an open door here.
The frilled lizard bites you.
You hit the frilled lizard.
You kill the frilled lizard!
You see here a frilled lizard corpse.
A gnoll comes into view. It is wielding a +0 halberd.
Found a bubbling yellow potion.
The gnoll shouts!
An endoplasm comes into view.
A gnoll comes into view. It is wielding a +0 flail.
The gnoll shouts!
You hear a shout! x2
The gnoll hits you with a +0 halberd!
You hit the gnoll.
The gnoll is moderately wounded.
The gnoll hits you with a +0 halberd!
Ouch! That really hurt!
You die...

##'## #... # ##...##
#..###.# ##.....##
#..#.#. ##.......#
#..!.. #.........
#.... +....†....
#... #......... #Jg#
##.......# #.@###.#
##.....##
#......######...##
##.####......#'##
#.# .####...# #.#
#.# ##.#.## #.#
##.###..#†.## #.#
#...........#
##.###..##.......#
##...##..##.#....###


You could see a gnoll and an endoplasm.

Vanquished Creatures
  2 dart slugs (D:2)
  2 endoplasms
  A giant cockroach (D:1)
  2 goblins
  A hobgoblin (D:1)
  3 kobolds
  A quokka (D:1)
  A ball python (D:1)
  A bat (D:1)
  4 frilled lizards
  A rat (D:1)
19 creatures vanquished.

Notes
Turn   | Place    | Note
-------+----------+-------------------------------------------
     0 | D:1      | kblaster33 the Vampire Hedge Wizard began the quest for the
                  | Orb.
     0 | D:1      | Reached XP level 1. HP: 13/13 MP: 4/4
     2 | D:1      | Noticed an octopode
     2 | D:1      | Noticed a ghoul
     4 | D:1      | Noticed a vine stalker
     4 | D:1      | Noticed an ogre
     6 | D:1      | Noticed a naga
     8 | D:1      | Noticed a gargoyle
     8 | D:1      | Noticed a minotaur
    10 | D:1      | Noticed a demonspawn
    12 | D:1      | Noticed a felid
    14 | D:1      | Noticed a demigod
    16 | D:1      | Noticed a human
    16 | D:1      | Noticed a vampire
    18 | D:1      | Noticed a tengu
    18 | D:1      | Noticed a troll
    20 | D:1      | Noticed a dwarf
    20 | D:1      | Noticed a draconian
    22 | D:1      | Noticed a merfolk
    22 | D:1      | Noticed a spriggan
    24 | D:1      | Noticed a formicid
    26 | D:1      | Noticed an elf
   516 | D:1      | Reached XP level 2. HP: 19/19 MP: 6/6
  1032 | D:1      | You fall into a shaft and drop 1 floor!
  1477 | D:2      | Identified the ring "Mubb" {Drain Will+ Str+6 Stlth+}
  1584 | D:2      | Slain by a gnoll

Illustrated notes

Levels and vault maps discovered:
D:1:      kb_arrival_jail, layout_basic
D:2:      layout_loops_corners

Action                   || total
-------------------------++-------
Melee: Dagger            ||    80
       Bite              ||     7
       Punch             ||     1
Armor: Chain mail        ||    45
       Robe              ||     8
Dodge: Dodged            ||    22

Table legend: (Time is in decaauts)
 A = Elapsed time spent in this place.
 B = Non-inter-level travel time spent in this place.
 C = Inter-level travel time spent in this place.
 D = Time resting spent in this place.
 E = Time spent auto-exploring this place.
 F = Levels seen in this place.
 G = Mean time per level.
                   A        B        C        D        E       F      G
               +--------+--------+--------+--------+--------+-----+--------+
         Total |   1581 |   1539 |     42 |      0 |      0 |   2 |  790.5 |
       Dungeon |   1581 |   1539 |     42 |      0 |      0 |   2 |  790.5 |
               +--------+--------+--------+--------+--------+-----+--------+

Top non-repeatable levels by time:
     D:1: 1031 daAuts
     D:2: 550 daAuts
